 Dungeon Crawl Stone Soup version 0.30.1-11-g7821555f0a (webtiles) character file.

Game seed: 12154198842177776636

8 Martska the Cutter (level 2, 26/26 HPs)
             Began as a Gnoll Reaver on Dec 10, 2023.
             Quit the game on level 1 of the Dungeon.
             The game lasted 00:00:55 (776 turns).

Martska the Cutter (Gnoll Reaver)                    Turns: 776, Time: 00:00:56

Health: 26/26      AC:  3    Str: 11    XL:     2   Next: 8%
Magic:  7/7        EV: 12    Int: 12    God:
Gold:   39         SH:  0    Dex: 10    Spells: 9/10 levels left

rFire   . . .        a - +0 short sword
rCold   . . .        (no shield)
rNeg    . . .        b - +0 leather armour
rPois   .            (no helmet)
rElec   .            (no cloak)
rCorr   .            (no gloves)
SInv    .            (no boots)
Will    .....        (no amulet)
Stlth   +            (no ring)
HPRegen 0.24/turn    (no ring)
MPRegen 0.10/turn

%: no passive effects
@: no status effects
A: fangs 1, strong nose, distributed training
a: no special abilities


You were on level 1 of the Dungeon.
You visited 1 branch of the dungeon, and saw 1 of its levels.

You collected 39 gold pieces.

Inventory:

Hand Weapons
 a - a +0 short sword (weapon)
Armour
 b - a +0 leather armour (worn)
Scrolls
 c - 2 scrolls of identify {unknown}
 e - a scroll of acquirement {unknown}
 h - a scroll of brand weapon {unknown}
 i - a scroll of noise {unknown}
Potions
 d - a potion of lignification {unknown}
 f - a potion of resistance {unknown}
 g - a potion of curing {unknown}


   Skills:
 + Level 4.4 Fighting
 + Level 6.4 Short Blades
 + Level 0.3 Long Blades
 + Level 0.3 Axes
 + Level 0.3 Maces & Flails
 + Level 0.3 Polearms
 + Level 0.3 Staves
 + Level 0.3 Ranged Weapons
 + Level 0.3 Throwing
 + Level 0.3 Armour
 + Level 4.4 Dodging
 + Level 0.3 Stealth
 + Level 0.3 Shields
 + Level 0.3 Unarmed Combat
 + Level 4.9 Spellcasting
 + Level 5.3 Conjurations
 + Level 0.2 Hexes
 + Level 0.2 Summonings
 + Level 0.2 Necromancy
 + Level 0.2 Translocations
 + Level 0.2 Transmutations
 + Level 0.2 Fire Magic
 + Level 0.2 Ice Magic
 + Level 0.2 Air Magic
 + Level 0.2 Earth Magic
 + Level 0.2 Poison Magic
 + Level 0.4 Invocations
 + Level 0.3 Evocations


You had 9 spell levels left.
You knew the following spells:

 Your Spells              Type           Power      Damage    Failure   Level
a - Kiss of Death         Conj/Necr      36%        2d8       9%          1

Your spell library contained the following spells:

 Spells                   Type           Power      Damage    Failure   Level
 Momentum Strike          Conj/Tloc      18%        3d8       13%         2
 Apportation              Tloc           6%         N/A       24%         1
 Hailstorm                Conj/Ice       9%         3d4       26%         3
 Alistair's Intoxication  Tmut/Pois      2%         N/A       100%        5


Dungeon Overview and Level Annotations

Branches:
Dungeon (1/15)

Altars:


Innate Abilities, Weirdness & Mutations

You have very sharp teeth.
Your uncanny sense of smell can sniff out nearby items.
Your experience applies equally to all skills.


Message History

The kobold is heavily wounded.
The kobold hits you but does no damage.
You hit the kobold.
You kill the kobold!
No target in view!
No target in view!
Things that are here:
a +0 short sword; a kobold corpse You see here a +0 sling.
Done exploring.
Done exploring.
Done exploring.
Done exploring.
No target in view!
No target in view!
No target in view!
No target in view!
Done exploring.
There is a faded altar of an unknown god here.
You see here Plato's Directory of Outbursts.
This altar belongs to (a) Gozag, (b) Zin or (c) Xom, but you can't tell which.
Press the corresponding letter to learn more about a god, or press enter to convert or escape to cancel.
Okay, then.
Unknown command.
Press < or > to pray at altars.
Unknown command.
Press < or > to pray at altars.
Welcome back, Martska the Gnoll Reaver.
Press ? for a list of commands and other information.
Done exploring.
Done exploring.
Unknown command.
What are your orders? t - Bark!
Orders for allies: a - Attack new target. r - Retreat! s - Stop attacking. g - Guard the area. f - Follow me.
Anything else - Cancel.
Okay, then.
Unknown command.
Are you sure you want to abandon this character and quit the game? (Confirm with "yes".)

#..........##..#.#P#.^..#
#.##.#####.....#.#.##...#
#.##.# #.###..#.#.P^..#
.....# ##.###...#.##...#
#.##.####...###...#..^..#
#(##...............##^..#
#.##.####...####........#
#.............##.#..#...#
##...#####.##.##@.....###
.....#####.##.####.####
###..##....##.# #.#
###..##.##....## #.#
..........(....# #.#
##..##>#<#..##.# #.#
....###.##.....# #.#
##.## #####.##.# #.# >###
###>.# #.#


There were no monsters in sight!

Vanquished Creatures
  An endoplasm (D:1)
  A hobgoblin (D:1)
  A kobold (D:1)
  A quokka (D:1)
  4 rats (D:1)
8 creatures vanquished.

Notes
Turn   | Place    | Note
-------+----------+-------------------------------------------
     0 | D:1      | Martska the Gnoll Reaver began the quest for the Orb.
     0 | D:1      | Reached XP level 1. HP: 20/20 MP: 6/6
    40 | D:1      | Found a faded altar of an unknown god.
   457 | D:1      | Reached XP level 2. HP: 23/26 MP: 7/7
   776 | D:1      | Quit the game

Illustrated notes

Levels and vault maps discovered:
D:1:      onia_arrival_handbag, layout_loops_ring,
          shapermc_ecumenical_altar_rom_forum

Action                     || total
---------------------------++-------
  Melee: Short sword       ||    38
         Bite              ||     6
 Armour: Leather armour    ||     9
  Dodge: Dodged            ||    13
